Map: [ESL] Site Delta

Players

SKillous

  • Race: Protoss Protoss
  • Spawn Location: 5:00

SHIN - Winner!

  • Race: Zerg Zerg
  • Spawn Location: 11:00

Event: ESL SC2 Masters 2023 Winter (Finals)

VOD

Have the link to the VOD?

Description

Time

  • Played on: Dec. 15, 2023, 1:17 p.m.
  • Length: 9:27

All games in this series

Show
View Real Time Build Order
Export as new Build Order

SKillous Protoss 

Build Orders: Oracle Opening 

Get SALT Encoding   

  12  0:00  Probe  
  13  0:12  Probe  
  14  0:19  Pylon  
  14  0:24  Probe  
  15  0:37  Probe (Chrono Boost)  
  15  0:40  Gateway  
  16  0:46  Probe (Chrono Boost)  
  17  0:50  Assimilator  
  17  0:52  Probe  
  18  1:00  Pylon  
  18  1:04  Probe  
  19  1:16  Probe  
  20  1:27  Cybernetics Core  
  20  1:28  Probe  
  21  1:34  Zealot  
  23  1:41  Probe  
  24  1:53  Probe  
  25  2:01  Adept (Chrono Boost)  
  27  2:19  Nexus  
  27  2:24  Probe  
  27  2:27  Adept  
  30  2:36  Assimilator  
  30  2:40  Pylon  
  30  2:43  Probe  
  31  2:58  Stargate, Probe (Chrono Boost)  
  32  3:05  Adept  
  34  3:08  Probe (Chrono Boost)  
  35  3:14  Gateway  
  35  3:16  Probe (Chrono Boost)  
  36  3:20  Warp Gate  
  36  3:28  Probe (Chrono Boost)  
  36  3:33  Probe (Chrono Boost)  
  38  3:37  Probe (Chrono Boost)  
  38  3:40  Probe (Chrono Boost)  
  40  3:44  Probe (Chrono Boost)  
  40  3:45  Oracle (Chrono Boost), Probe (Chrono Boost)  
  41  3:51  Adept  
  41  3:58  Probe  
  41  3:59  Probe  
  45  4:08  Adept  
  45  4:10  Probe  
  45  4:11  Probe  
  45  4:13  Pylon  
  47  4:20  Oracle (Chrono Boost)  
  47  4:22  Probe  
  47  4:23  Probe  
  52  4:34  Nexus  
  52  4:35  Probe  
  52  4:36  Pylon  
  53  4:38  Probe  
  54  4:47  Oracle (Chrono Boost), Probe  
  54  4:50  Probe  
  59  4:53  Assimilator  
  59  4:55  Assimilator  
  59  4:59  Probe  
  59  5:03  Probe  
  59  5:05  Twilight Council  
  59  5:06  Forge  
  60  5:07  Pylon  
  60  5:11  Probe  
  61  5:15  Probe  
  62  5:23  Gateway, Probe  
  62  5:26  Gateway  
  62  5:27  Probe  
  64  5:34  Blink (Chrono Boost)  
  64  5:35  Probe  
  61  5:38  Protoss Ground Weapons Level 1  
  61  5:39  Probe  
  61  5:42  Stalker x2  
  66  5:47  Probe x2  
  68  5:51  Probe  
  69  5:58  Shield Battery  
  69  5:59  Probe x2  
  69  6:04  Probe  
  70  6:08  Stalker  
  71  6:11  Probe x2  
  71  6:12  Stalker  
  71  6:15  Robotics Facility  
  76  6:19  Stalker  
  76  6:23  Probe  
  78  6:26  Shield Battery  
  78  6:28  Shield Battery, Stalker  
  78  6:30  Shield Battery  
  78  6:32  Shield Battery  
  80  6:33  Pylon  
  80  6:36  Pylon  
  80  6:39  Stalker x2  
  84  6:44  Photon Cannon  
  84  6:48  Stalker  
  84  6:52  Pylon  
  84  6:53  Stalker  
  89  6:57  Oracle  
  91  7:07  Stalker x2  
  91  7:13  Stalker  
  79  7:22  Stalker  
  74  7:31  Stalker x2  
  74  7:35  Gateway  
  74  7:41  Gateway  
  74  7:42  Pylon x2  
  70  7:44  Pylon  
  70  7:45  Stalker  
  70  7:46  Stalker  
  70  7:50  Pylon  
  74  8:00  Stalker  
  74  8:03  Shield Battery  
  76  8:05  Stalker  
  76  8:12  Stalker  
  80  8:20  Stalker  
  80  8:22  Pylon  
  80  8:24  Stalker  
  85  8:27  Probe (Chrono Boost)  
  86  8:38  Nexus, Probe (Chrono Boost)  
  86  8:40  Pylon  
  86  8:43  Stalker  
  89  8:48  Probe (Chrono Boost)  
  89  8:53  Templar Archives  
  89  8:55  Probe (Chrono Boost)  
  90  8:58  Probe (Chrono Boost)  
  90  9:02  Probe (Chrono Boost)  
  92  9:03  Stalker x4  
  92  9:09  Stalker  
  101  9:10  Pylon  
Show
View Real Time Build Order
Export as new Build Order

SHIN Zerg - Winner!

Build Orders: Hatch First 

Get SALT Encoding   

  12  0:00  Drone  
  13  0:08  Drone  
  14  0:16  Overlord  
  14  0:34  Drone x3  
  17  0:55  Hatchery  
  17  0:56  Drone  
  17  0:59  Drone  
  18  1:10  Extractor  
  17  1:14  Spawning Pool  
  17  1:17  Drone  
  17  1:20  Drone  
  18  1:28  Drone  
  19  1:39  Drone  
  20  1:47  Hatchery  
  20  1:51  Drone  
  20  2:00  Queen  
  22  2:04  Overlord  
  23  2:16  Hatchery  
  23  2:18  Metabolic Boost  
  22  2:23  Zergling x2  
  22  2:24  Zergling x2  
  24  2:32  Zergling x2  
  24  2:36  Queen  
  27  2:44  Zergling x2  
  27  2:55  Zergling x2  
  28  2:59  Queen  
  28  3:00  Zergling x2  
  28  3:05  Overlord  
  31  3:10  Drone x4  
  35  3:22  Drone, Queen  
  35  3:26  Drone  
  39  3:28  Drone  
  39  3:31  Zergling x2  
  41  3:35  Overlord  
  41  3:39  Drone x2  
  42  3:42  Drone  
  42  3:43  Drone  
  42  3:47  Drone  
  43  3:48  Drone  
  43  3:53  Drone x2  
  43  3:54  Drone  
  46  4:00  Queen  
  48  4:04  Drone  
  48  4:06  Spore Crawler  
  48  4:10  Drone x2  
  48  4:11  Drone  
  48  4:16  Drone x2  
  53  4:19  Drone  
  53  4:20  Drone  
  53  4:21  Overlord  
  53  4:23  Spore Crawler  
  54  4:25  Drone  
  54  4:28  Drone x2  
  56  4:31  Overlord  
  56  4:35  Overlord  
  56  4:38  Overlord  
  56  4:40  Drone  
  56  4:42  Drone  
  56  4:44  Drone  
  58  4:45  Drone  
  58  4:47  Drone  
  58  4:48  Drone  
  58  4:50  Drone x2  
  63  4:54  Drone x2  
  63  4:58  Spore Crawler  
  65  5:00  Drone x2  
  65  5:04  Lair  
  65  5:05  Extractor  
  64  5:07  Queen  
  64  5:12  Drone, Extractor x2  
  65  5:15  Roach Warren  
  65  5:18  Zergling x6  
  66  5:26  Zergling x2  
  66  5:32  Overlord  
  65  5:38  Pneumatized Carapace  
  65  5:39  Overlord  
  65  5:42  Zergling x10  
  70  5:43  Queen  
  70  5:49  Overlord  
  71  6:02  Roach x9  
  85  6:11  Overlord  
  85  6:12  Zergling x10  
  90  6:20  Zergling x8  
  90  6:22  Overlord  
  91  6:25  Zergling x2  
  91  6:26  Zergling x4  
  91  6:31  Ravager x3  
  91  6:32  Zergling x6  
  100  6:34  Ravager  
  100  6:37  Zergling x2  
  100  6:38  Zergling x6  
  105  6:40  Zergling x2  
  105  6:41  Zergling x2  
  105  6:44  Zergling x4  
  109  6:48  Zergling x2  
  109  6:49  Ravager  
  109  6:50  Ravager  
  109  6:53  Zergling x2  
  113  7:00  Zergling x8  
  113  7:01  Zergling x2  
  117  7:04  Zergling x2  
  117  7:07  Zergling x6  
  120  7:12  Zergling x8  
  120  7:15  Zergling x2  
  118  7:19  Zergling x2, Queen  
  118  7:20  Drone  
  119  7:25  Drone  
  119  7:28  Zergling x6  
  120  7:31  Drone  
  120  7:34  Drone  
  120  7:35  Drone x4  
  126  7:37  Ravager x3  
  126  7:42  Zergling x2  
  124  7:45  Zergling x2  
  124  7:47  Drone  
  124  7:50  Hatchery  
  124  7:51  Spire  
  124  7:56  Zergling x8  
  126  8:01  Drone x2  
  126  8:04  Extractor, Glial Reconstitution  
  125  8:08  Roach x2  
  129  8:15  Overlord x3  
  129  8:18  Zergling x2  
  129  8:19  Zergling x4  
  127  8:25  Drone x2  
  129  8:28  Extractor  
  129  8:32  Overlord  
  128  8:39  Drone  
  129  8:52  Drone x2  
  131  9:00  Overlord  
  131  9:05  Overlord  
Tags
 
Add a new tag
Caveats
  • Supply blocks, unpowered buildings, or Contaminate may cause inaccurate times.
  • Supply counts are checked every 10 seconds.